 Dungeon Crawl Stone Soup version 0.29.1-1-gd02db6906a (webtiles) character file.

Game seed: 1376983549998455516

506468 Pemander008 the Conqueror (level 25, -1/210 HPs)
             Began as a Merfolk Delver on Sept 21, 2022.
             Was the Champion of Hepliaklqana.
             Constricted to death by a tentacled monstrosity (8 damage)
             ... on level 1 of the Realm of Zot on Sept 22, 2022.
             The game lasted 01:58:42 (45512 turns).

Pemander008 the Conqueror (Merfolk Delver)         Turns: 45512, Time: 01:58:44

Health: -1/210     AC: 45    Str: 18    XL:     25   Next: 1%
Magic:  31/31      EV: 24    Int: 12    God:    Hepliaklqana [******]
Gold:   5900       SH:  5    Dex: 21    Spells: 24/24 levels left

rFire   . . .      SeeInvis +   D - +9 bardiche (vamp)
rCold   + + .      Faith    .   (shield currently unavailable)
rNeg    + . .      Spirit   .   R - +6 shadow dragon scales
rPois   +          Reflect  +   K - +2 hood of the Assassin {Detection Stab+ Stlth++}
rElec   .          Harm     .   c - +2 cloak {Will+}
rCorr   .          Rampage  .   l - +3 pair of gauntlets of War {Slay+5}
Will    +++..                   z - +3 pair of boots of Circular Logic {Dex+2} Stlth *+++++++++
                                i - amulet "Pen Ysm" {Reflect rN+ Will+ SH+5}
HPRegen 0.45/turn               O - ring of the Tortoise {AC+8}
MPRegen 0.22/turn               X - ring "Pisab" {rPois rC++ EV+4 SInv}

@: constricted, studying Polearms, invisible
A: reduced essence, (nimble swimmer 2), mertail
}: 3/15 runes: barnacled, silver, gossamer
a: Renounce Religion, Recall Ancestor, Ancestor Identity, Transference, Idealise


You were on level 1 of the Realm of Zot.
You worshipped Hepliaklqana.
Hepliaklqana was exalted by your worship.
You visited 10 branches of the dungeon, and saw 44 of its levels.
You also visited: Trove and Gauntlet.

You collected 8455 gold pieces.
You spent 2555 gold pieces at shops.

Inventory:

Hand Weapons
 a - a +3 trident of venom
 D - a +9 vampiric bardiche (weapon)
Armour
 c - a +2 cloak of willpower (worn)
 l - the +3 pair of gauntlets of War (worn) {Slay+5}
   (You found it on level 13 of the Dungeon)

   Slay:      It affects your accuracy & damage with ranged weapons and melee
   (+5).
 z - the +3 pair of boots of Circular Logic (worn) {Dex+2}
   (You bought it in a shop on level 3 of the Vaults)

   Dex:       It affects your dexterity (+2).
 J - the +0 pair of boots "Lyhoef" {Harm rC+ Will+ Regen+}
   (You bought it in a shop on level 3 of the Vaults)

   rC:        It protects you from cold.
   Regen:     It increases your rate of health regeneration.
   Harm:      It increases damage dealt and taken.
   Will:      It increases your willpower.
 K - the +2 hood of the Assassin (worn) {Detection Stab+ Stlth++}
   (You found it on level 4 of the Spider Nest)

   It allows the wearer to sense nearby creatures.
   It allows the wearer to make particularly effective stabbing attacks against
   helpless or unaware enemies with any weapon.
   Stlth:     It makes you much more stealthy.
 N - the +0 helmet of the Equinox {rElec Will+ Dex+4}
   (You bought it in a shop on level 9 of the Dungeon)

   Dex:       It affects your dexterity (+4).
   rElec:     It insulates you from electricity.
   Will:      It increases your willpower.
 R - +6 shadow dragon scales (worn)
Jewellery
 b - a ring of resist corrosion
 i - the amulet "Pen Ysm" (around neck) {Reflect rN+ Will+ SH+5}
   (You found it in a Gauntlet)

   [amulet of reflection]

   It reflects blocked missile attacks.
   rN:        It protects you from negative energy.
   SH:        It affects your SH (+5).
   Will:      It increases your willpower.
 w - the amulet of Unajiuwk {RegenMP rF++ rC-}
   (You found it in a treasure trove)

   [amulet of magic regeneration]

   It increases your rate of magic regeneration.
   rF:        It greatly protects you from fire.
   rC:        It makes you vulnerable to cold.
 E - a ring of positive energy
 F - a +6 ring of dexterity
 O - the ring of the Tortoise (left hand) {AC+8}
   (You found it on level 3 of the Depths)

   [ring of protection]

   AC:        It affects your AC (+8).
 X - the ring "Pisab" (right hand) {rPois rC++ EV+4 SInv}
   (You found it in a treasure trove)

   [ring of evasion]

   EV:        It affects your evasion (+4).
   rC:        It greatly protects you from cold.
   rPois:     It protects you from poison.
   SInv:      It lets you see invisible.
Wands
 d - a wand of paralysis (4)
 g - a wand of digging (13)
 H - a wand of polymorph (3)
 P - a wand of mindburst (6)
Scrolls
 e - 4 scrolls of summoning
 j - 3 scrolls of blinking
 k - 17 scrolls of teleportation
 m - 5 scrolls of poison
 q - 21 scrolls of identify
 r - 6 scrolls of fear
 s - 8 scrolls of butterflies
 y - 3 scrolls of immolation
 G - 2 scrolls of silence
 I - a scroll of enchant weapon
 M - 3 scrolls of magic mapping
 S - 7 scrolls of brand weapon
 T - 2 scrolls of enchant armour
Potions
 h - 6 potions of magic
 n - 7 potions of flight
 o - 10 potions of attraction
 t - 24 potions of curing
 u - 4 potions of resistance
 v - 5 potions of lignification
 x - 3 potions of invisibility
 A - 8 potions of mutation
 B - 7 potions of might
 C - 2 potions of cancellation
 L - 3 potions of brilliance {unknown}
 Q - a potion of heal wounds
 W - 9 potions of ambrosia


   Skills:
 O Level 27 Fighting
 - Level 24.2 Polearms
 + Level 11.3 Armour
 O Level 27 Dodging
 - Level 19.5 Stealth
 - Level 11.0 Invocations


You had 24 spell levels left.
You didn't know any spells.
Your spell library contained the following spells:

 Spells                   Type           Power      Damage    Failure   Level
 Apportation              Tloc           0%         N/A       95%         1
 Foxfire                  Conj/Fire      0%         2x1d4     95%         1
 Freeze                   Ice            0%         1d3       95%         1
 Necrotise                Necr           0%         1d4       95%         1
 Sandblast                Erth           0%         2d4       95%         1
 Shock                    Conj/Air       0%         1d3       95%         1
 Sting                    Tmut/Pois      0%         1d3       95%         1
 Summon Small Mammal      Summ           0%         N/A       95%         1
 Blink                    Tloc           0%         N/A       98%         2
 Passwall                 Tmut/Erth      0%         N/A       98%         2
 Poisonous Vapours        Pois/Air       0%         N/A       98%         2
 Sublimation of Blood     Necr           0%         N/A       98%         2
 Call Canine Familiar     Summ           0%         N/A       100%        3
 Conjure Flame            Conj/Fire      0%         6-21      100%        3
 Dazzling Flash           Conj/Hex       0%         N/A       100%        3
 Frozen Ramparts          Ice            0%         1d1       100%        3
 Ignite Poison            Fire/Tmut/Pois 0%         N/A       100%        3
 Inner Flame              Hex/Fire       0%         N/A       100%        3
 Lesser Beckoning         Tloc           0%         N/A       100%        3
 Mephitic Cloud           Conj/Pois/Air  0%         N/A       100%        3
 Stone Arrow              Conj/Erth      0%         3d7       100%        3
 Summon Guardian Golem    Hex/Summ       0%         N/A       100%        3
 Swiftness                Air            0%         N/A       100%        3
 Tukima's Dance           Hex            0%         N/A       100%        3
 Vampiric Draining        Necr           0%         2d6       100%        3
 Airstrike                Air            0%         2d(0-16)  100%        4
 Anguish                  Hex/Necr       0%         N/A       100%        4
 Animate Armour           Summ/Erth      0%         N/A       100%        4
 Animate Dead             Necr           0%         N/A       100%        4
 Cause Fear               Hex            0%         N/A       100%        4
 Corpse Rot               Necr/Pois/Air  0%         N/A       100%        4
 Dispel Undead            Necr           0%         3d6       100%        4
 Flame Wave               Conj/Fire      0%         2d4       100%        4
 Ice Form                 Ice/Tmut       0%         N/A       100%        4
 Iskenderun's Mystic Bla  Conj/Tloc      0%         2d3       100%        4
 Olgreb's Toxic Radiance  Pois           0%         N/A       100%        4
 Passage of Golubria      Tloc           0%         N/A       100%        4
 Petrify                  Tmut/Erth      0%         N/A       100%        4
 Sticky Flame             Conj/Fire      0%         2d3       100%        4
 Summon Ice Beast         Ice/Summ       0%         N/A       100%        4
 Summon Lightning Spire   Summ/Air       0%         N/A       100%        4
 Agony                    Necr           0%         N/A       100%        5
 Borgnjor's Vile Clutch   Necr/Erth      0%         N/A       100%        5
 Fireball                 Conj/Fire      0%         3d3       100%        5
 Freezing Cloud           Conj/Ice/Air   0%         6-21      100%        5
 Irradiate                Conj/Tmut      0%         3d11      100%        5
 Iskenderun's Battlesphe  Conj           0%         2d6       100%        5
 Lee's Rapid Deconstruct  Erth           0%         3d5*      100%        5
 Lightning Bolt           Conj/Air       0%         1d11      100%        5
 Manifold Assault         Tloc           0%         N/A       100%        5
 Silence                  Hex/Air        0%         N/A       100%        5
 Summon Forest            Summ/Tloc      0%         N/A       100%        5
 Summon Mana Viper        Hex/Summ       0%         N/A       100%        5
 Yara's Violent Unravell  Hex/Tmut       0%         3d3       100%        5
 Conjure Ball Lightning   Conj/Air       0%         3x3d6     100%        6
 Death Channel            Necr           0%         N/A       100%        6
 Dispersal                Tloc           0%         N/A       100%        6
 Eringya's Noxious Bog    Tmut/Pois      0%         N/A       100%        6
 Simulacrum               Ice/Necr       0%         N/A       100%        6
 Statue Form              Tmut/Erth      0%         N/A       100%        6
 Dragon Form              Tmut           0%         N/A       100%        7
 Haunt                    Necr/Summ      0%         N/A       100%        7
 Monstrous Menagerie      Summ           0%         N/A       100%        7
 Orb of Destruction       Conj           0%         9d5       100%        7
 Spellforged Servitor     Conj/Summ      0%         N/A       100%        7
 Storm Form               Tmut/Air       0%         N/A       100%        7
 Summon Hydra             Summ           0%         N/A       100%        7
 Discord                  Hex            0%         N/A       100%        8
 Disjunction              Tloc           0%         N/A       100%        8
 Lehudib's Crystal Spear  Conj/Erth      0%         10d2      100%        8
 Dragon's Call            Summ           0%         N/A       100%        9
 Polar Vortex             Ice            0%         N/A       100%        9


Dungeon Overview and Level Annotations

Branches:
Dungeon (15/15)            Temple (0/1) D:4            Lair (5/5) D:11
 Shoals (4/4) Lair:3       Spider (4/4) Lair:2        Slime (0/5) Lair:4
    Orc (2/2) D:12            Elf (3/3) Orc:2        Vaults (5/5) D:14
  Crypt (1/3) Vaults:3     Depths (4/4) D:15            Zot (1/5) Depths:4
Gauntlet (visited)

Altars:
Ashenzari
Cheibriados
Dithmenos
Gozag
Hepliaklqana
Kikubaaqudgha
Okawaru
Ru
Sif Muna
Trog
Uskayaw
Vehumet
Xom
Yredelemnul
Zin
The Shining One
Jiyva
Lugonu

Shops:
D:4 (   D:6 [   D:9 [   D:10 [   D:11 [   Orc:1 (   Orc:2 :(=*[[(?[   Elf:1 *(
Shoals:2 (   Shoals:3 ***:   Vaults:3 [   Depths:2 **[

Portals:
Hell: Depths:1 Depths:2 Depths:3 Depths:4
Abyss: Depths:1 Depths:2 Depths:3
Pandemonium: Depths:1 Depths:2 Depths:4
Ziggurat: Depths:2

Annotations:
D:8 2 transporters, bchevrier's ghost, novice GnWn


Innate Abilities, Weirdness & Mutations

Your life essence is reduced to manifest your ancestor. (-10% HP)
((You are very nimble when in or above water. (Stealth+, EV+, Speed+++)))
Your lower body shifts to a powerful aquatic tail in water.


Message History

The green draconian monk convulses!
You feel much better.
The black draconian knight is engulfed in poison gas.
The black draconian knight looks even sicker.
The tentacled monstrosity tentacle-slaps you but does no damage.
You block the tentacled monstrosity's attack.
The tentacled monstrosity tentacle-slaps you but does no damage.
The tentacled monstrosity constricts you.
A white draconian comes into view. It is wielding a +0 glaive.
The green draconian monk hits you!
* * * LOW HITPOINT WARNING * * *
The green draconian monk completely misses you.
You block the green draconian monk's attack.
The green draconian monk completely misses you.
The black draconian knight breathes lightning at you.
The bolt of lightning hits the curse toe!
The curse toe resists.
The bolt of lightning misses you.
The black draconian knight is engulfed in poison gas.
The black draconian knight looks even sicker.
The black draconian knight hits you but does no damage.
The curse toe calls on the powers of darkness!
The white draconian convulses!
The black draconian knight convulses!
The yellow draconian convulses!
The black draconian convulses!
The red draconian scorcher convulses!
Your body is wracked with pain!
* * * LOW HITPOINT WARNING * * *
The green draconian monk convulses!
You fade into invisibility!
The black draconian knight breathes lightning at you.
The bolt of lightning hits the curse toe!
The curse toe resists.
The bolt of lightning misses you.
The black draconian knight looks as sick as possible!
The black draconian knight hits you with a +1 vorpal war axe!!
* * * LOW HITPOINT WARNING * * *
x2 The black draconian breathes lightning at you.
The bolt of lightning misses you.
The tentacled monstrosity tentacle-slaps you.
* * * LOW HITPOINT WARNING * * *
The tentacled monstrosity tentacle-slaps you but does no damage. x2
The tentacled monstrosity constricts you!
You die...

..>..D.......
.........dd.
......{....
..........
○...q○...
.z.dqz..#######+##
.......)#........#
......dd'..q.....#
...$...°#q°@.....+
........#.Xq.....#
........#.=°....∩#
........#........#
........#........#
^.......#######+##
.......


You could see a tentacled monstrosity, 2 draconians, 2 draconians, a black
draconian (unable to see you), a yellow draconian (unable to see you), a curse
toe and a red draconian scorcher (unable to see you).

Vanquished Creatures
  Mennas (Vaults:4)
  A juggernaut (Depths:3)
  Margery (Vaults:2)
  Boris (Vaults:4)
  Xtahua (Vaults:4)
  A curse toe (Zot:1)
  2 caustic shrikes (Depths:3)
  Nikola (Depths:2)
  The ghost of Ewetirimn the Executioner, an adept MiBe of Trog (Elf:2)
  2 golden dragons
  3 tentacled monstrosities
  2 titans (Vaults:5)
  3 deep elf blademasters (Elf:3)
  2 deep elf master archers (Elf:3)
  A quicksilver dragon (Zot:1)
  5 sphinxes
  2 shadow dragons (Vaults:5)
  3 tengu reavers
  Donald (Spider:2)
  4 storm dragons
  Roxanne (D:15)
  15 vault wardens
  2 iron dragons
  7 deep elf sorcerers (Elf:3)
  8 frost giants
  A deep elf elementalist (Elf:3)
  2 orc warlords (Vaults:4)
  3 fire giants
  6 emperor scorpions
  Louise (Elf:3)
  3 ghost moths
  A spriggan defender (Depths:3)
  9 stone giants
  A draconian annihilator (Depths:4)
  5 ironbound thunderhulks
  10 very ugly things
  A juggernaut skeleton (Depths:3)
  2 deep elf demonologists (Elf:3)
  17 ironbound preservers
  5 vampire knights
  A purple draconian (Depths:4)
  An entropy weaver (shapeshifter) (Vaults:5)
  Azrael (Spider:2)
  6 spark wasps
  8 deep elf annihilators
  2 white draconians (Depths:4)
  6 entropy weavers
  A red draconian (Zot:1)
  4 dire elephants
  A yellow draconian (Zot:1)
  Snorg (Orc:2)
  3 ettins
  5 merfolk javelineers (Shoals:4)
  A spark wasp (shapeshifter) (Vaults:5)
  A minotaur (Gauntlet)
  2 crystal guardians (Vaults:1)
  2 deep elf high priests
  4 great orbs of eyes
  A jiangshi (Vaults:3)
  2 deep elf death magi (Elf:3)
  Fannar (D:12)
  3 merfolk impalers (Shoals:4)
  7 fire dragons
  11 yaktaur captains
  7 boulder beetles
  21 vault guards
  5 rakshasas
  Harold (Orc:1)
  A spriggan air mage (Depths:3)
  2 ice dragons
  9 hydras
  A peacekeeper (Vaults:1)
  10 ironbound frosthearts
  2 catoblepae (Lair:5)
  2 jorogumos
  2 tengu warriors
  3 ogre magi (Vaults:5)
  5 two-headed ogres
  A merfolk avatar (Shoals:1)
  7 centaur warriors
  3 radroaches
  2 death yaks (Lair:5)
  A satyr (Shoals:1)
  19 dancing weapons
  8 deep troll shamans
  2 merfolk aquamancers
  A titan zombie (Depths:3)
  4 spriggan berserkers
  An orc high priest (Orc:2)
  Urug (Orc:2)
  7 deep troll earth magi
  16 deep elf knights
  A spriggan (Depths:4)
  11 hell knights
  3 pharaoh ants
  12 iron trolls
  10 skeletal warriors (D:15)
  A sun moth (Spider:2)
  Lodul (D:10)
  80 deep trolls
  10 orb spiders
  5 sea snakes
  2 flayed ghosts
  7 steelbarb worms
  2 glowing orange brains
  9 deep elf archers
  8 orc knights
  12 lindwurms
  5 spectral wolf spiders (Spider:1)
  7 harpies
  The ghost of Iusername the Carver, a novice MiFi of Dithmenos (D:7)
  2 wizards
  11 ironbound convokers
  14 wolf spiders
  An iron dragon zombie (Depths:3)
  4 wolf spider zombies (Spider:1)
  8 necromancers
  A frost giant zombie (D:15)
  3 phantasmal warriors
  30 deep elf zephyrmancers
  17 deep elf pyromancers
  25 ugly things
  2 orc sorcerers
  3 moths of wrath
  4 fauns
  3 cyclopes
  4 large abominations
  14 manticores
  7 elephants
  Joseph (D:7)
  A black mamba (Lair:4)
  A torpor snail (shapeshifter) (Vaults:5)
  A fire giant skeleton (D:15)
  9 merfolk sirens
  4 water nymphs
  2 guardian serpents (Depths:2)
  2 storm dragon simulacra (Depths:3)
  9 cane toads
  7 torpor snails
  7 rime drakes
  12 vault sentinels
  An unseen horror (Depths:3)
  A freezing wraith (Vaults:3)
  A rime drake (shapeshifter) (D:15)
  5 komodo dragons
  4 kobold demonologists
  Psyche (D:12)
  6 demonic crawlers
  30 yaktaurs
  2 tengu conjurers
  5 trolls
  2 polar bears
  9 meliai
  13 merfolk
  23 tarantellas
  A wolf spider simulacrum (Spider:1)
  6 wind drakes
  3 tyrant leeches (Lair:5)
  11 hornets
  4 snapping turtles
  28 slime creatures
  4 dream sheep
  A spriggan zombie (D:15)
  23 jumping spiders
  A flying skull (Vaults:3)
  8 air elementals
  3 wraiths
  4 centaur simulacra
  9 small abominations
  6 basilisks
  20 culicivoras
  4 wyverns
  16 water elementals
  2 fire elementals
  29 yaks
  Grum (D:11)
  A steam dragon (Lair:3)
  65 redbacks
  A redback simulacrum (Gauntlet)
  4 chaos spawn (Depths:3)
  6 vampire mosquitoes
  A harpy simulacrum (Gauntlet)
  8 water moccasins
  An acid dragon (shapeshifter) (D:15)
  A hell hound (Spider:2)
  23 orc warriors
  A black bear (D:6)
  7 ogres
  6 boggarts (Vaults:1)
  13 wolves
  17 centaurs
  3 lemures (D:8)
  13 kobold brigands
  9 bullfrogs
  2 necrophages (D:6)
  3 earth elementals
  A bullfrog (shapeshifter) (Vaults:5)
  A gnoll sergeant (D:8)
  2 scorpions
  11 wights
  5 killer bees
  2 electric eels
  6 howler monkeys
  2 jellies
  2 orc priests
  A gnoll bouda (D:6)
  A hound (D:4)
  Crazy Yiuf (D:6)
  2 iguanas
  Jessica (D:3)
  8 orc wizards
  A hell rat (Lair:5)
  A gnoll (D:3)
  5 adders
  2 shadow imps
  A white imp (D:7)
  An ufetubus (D:6)
  A worm (D:3)
  2 dart slugs (D:1)
  34 orcs
  4 bats
  10 endoplasms
  4 giant cockroaches
  7 goblins
  8 hobgoblins
  7 jackals (D:3)
  27 kobolds
  4 quokkas
  5 ball pythons
  2 frilled lizards
  9 rats
1406 creatures vanquished.

Vanquished Creatures (collateral kills)
  A dread lich (Vaults:5)
  Frederick (Vaults:4)
  Bai Suzhen (Spider:3)
  Arachne (Spider:2)
  2 tentacled monstrosities (Vaults:5)
  3 titans (Vaults:5)
  A walking divine tome (Depths:4)
  A deep elf blademaster (Elf:3)
  A deep elf master archer (Elf:3)
  Agnes (D:15)
  2 sphinxes (Vaults:5)
  A shadow dragon (Vaults:5)
  A tengu reaver (Vaults:5)
  2 storm dragons (Vaults:5)
  A revenant (Vaults:3)
  A fire giant (Vaults:5)
  2 vault wardens (Vaults:3)
  A frost giant (Vaults:5)
  An emperor scorpion (Spider:4)
  An iron dragon (Vaults:5)
  A ghost moth (Spider:2)
  A deep elf sorcerer (Elf:3)
  10 ironbound preservers
  2 deep elf elementalists (Elf:3)
  A war gargoyle (Vaults:5)
  An ironbound thunderhulk (Vaults:2)
  A draconian annihilator (Depths:4)
  7 very ugly things
  2 black draconians
  4 stone giants
  A vampire knight (Vaults:3)
  3 deep elf annihilators (Elf:3)
  2 deep elf demonologists
  3 dire elephants (Vaults:2)
  3 deep elf death magi
  2 yaktaur captains
  3 ettins
  2 merfolk impalers
  Erolcha (D:9)
  2 ice dragons
  2 boulder beetles
  8 vault guards (Vaults:5)
  3 hydras
  A spriggan air mage (Depths:4)
  2 rakshasas (Depths:2)
  An ironbound frostheart (Vaults:3)
  A catoblepas (Lair:4)
  4 centaur warriors
  A death yak (Lair:5)
  An alligator snapping turtle (Shoals:4)
  2 satyrs (Shoals:3)
  A vampire mage (Depths:4)
  2 dancing weapons (Elf:2)
  A merfolk aquamancer (Shoals:1)
  4 deep troll earth magi
  A deep troll shaman (Depths:4)
  8 hell knights
  3 deep elf knights
  A skeletal warrior (D:15)
  A pharaoh ant (Spider:1)
  19 deep trolls
  5 iron trolls
  A large abomination (Depths:3)
  A sea snake (Shoals:4)
  A steelbarb worm (Spider:3)
  3 deep elf archers
  A wizard (Depths:1)
  2 orb spiders
  2 ironbound convokers (Vaults:2)
  4 lindwurms
  2 spectral wolf spiders (Spider:1)
  A tengu zombie (D:15)
  5 deep elf pyromancers
  2 harpies
  2 necromancers
  Pikel (D:8)
  An orc sorcerer (D:15)
  10 wolf spiders
  17 ugly things
  5 deep elf zephyrmancers
  A manticore (D:13)
  A merfolk siren (Lair:3)
  5 fauns
  3 elephants
  9 slime creatures
  6 vault sentinels
  A black mamba (Lair:5)
  3 water nymphs (Shoals:4)
  A torpor snail (Lair:3)
  3 cane toads
  9 yaktaurs
  A komodo dragon (Lair:5)
  A freezing wraith (Vaults:5)
  An unseen horror (Depths:3)
  2 demonic crawlers
  A troll (D:10)
  A polar bear (Lair:1)
  A tengu conjurer (Depths:2)
  3 meliai
  6 merfolk
  A hornet (Depths:4)
  Prince Ribbit (D:7)
  5 tarantellas
  6 jumping spiders
  2 air elementals
  3 culicivoras
  A spriggan (Depths:4)
  5 water elementals
  A wyvern (D:11)
  10 yaks
  A basilisk (Lair:5)
  A human (D:10)
  2 fire elementals (Spider:2)
  2 chaos spawn (Depths:3)
  11 redbacks
  2 steam dragons
  6 water moccasins
  A hell hound (Spider:2)
  4 orc warriors
  2 sky beasts
  An ice beast (D:8)
  A black bear (shapeshifter) (D:14)
  A centaur (D:13)
  2 wolves
  2 ogres (D:10)
  A boggart (Vaults:1)
  A lemure (D:8)
  5 kobold brigands
  2 bullfrogs
  A necrophage (D:4)
  5 wights
  2 killer bees
  2 howler monkeys (D:14)
  A jelly (Lair:4)
  An orc priest (D:8)
  A human zombie (D:10)
  A gnoll bouda (D:8)
  An orc wizard (D:9)
  An adder (D:6)
  A white imp (D:8)
  8 orcs
  An endoplasm (Lair:4)
  11 kobolds
390 creatures vanquished.

Vanquished Creatures (others)
  2 yaktaur captains
  A manticore (D:14)
  2 yaktaurs
  38 knights
  23 fungi
  53 plants
  14 withered plants (D:15)
133 creatures vanquished.

Grand Total: 1929 creatures vanquished

Notes
Turn   | Place    | Note
-------+----------+-------------------------------------------
     0 | D:5      | Pemander008 the Merfolk Delver began the quest for the Orb.
     0 | D:5      | Reached XP level 1. HP: 18/18 MP: 1/1
    49 | D:5      | Noticed a centaur
   468 | D:4      | Noticed a scorpion
  1041 | D:2      | Reached XP level 2. HP: 24/24 MP: 2/2
  1350 | D:2      | Reached XP level 3. HP: 29/29 MP: 3/3
  1983 | D:1      | Found a faded altar of an unknown god.
  2246 | D:1      | Reached XP level 4. HP: 35/35 MP: 4/4
  2688 | D:3      | Found a snail-covered altar of Cheibriados.
  2689 | D:3      | Found a sacrificial altar of Ru.
  2690 | D:3      | Found an ancient bone altar of Kikubaaqudgha.
  2690 | D:3      | Found a hazy altar of Hepliaklqana.
  2704 | D:3      | Became a worshipper of Hepliaklqana the Forgotten
  3001 | D:3      | Noticed Jessica
  3013 | D:3      | Killed Jessica
  3014 | D:3      | Reached skill level 5 in Polearms
  3014 | D:3      | Reached skill level 5 in Dodging
  3111 | D:3      | Reached XP level 5. HP: 41/41 MP: 5/5
  3115 | D:3      | Found an iron altar of Okawaru.
  3122 | D:3      | Found a radiant altar of Vehumet.
  3127 | D:3      | Found a broken altar of Ashenzari.
  3831 | D:4      | Reached * piety under Hepliaklqana
  3900 | D:4      | Found Gogad's Weapon Boutique.
  3943 | D:4      | Reached XP level 6. HP: 42/42 MP: 6/6
  4042 | D:4      | Found a staircase to the Ecumenical Temple.
  4437 | D:4      | Found a glowing silver altar of Zin.
  4911 | D:5      | Noticed a water moccasin
  4928 | D:5      | Killed a water moccasin
  4929 | D:5      | Reached XP level 7. HP: 21/46 MP: 4/7
  5386 | D:6      | Reached skill level 10 in Polearms
  5464 | D:6      | Reached XP level 8. HP: 38/52 MP: 8/8
  5773 | D:6      | Reached ** piety under Hepliaklqana
  5779 | D:6      | Remembered your ancestor Wilfreda as a knight
  5798 | D:6      | Found a runed translucent door.
  5799 | D:6      | Noticed Crazy Yiuf
  6018 | D:6      | Found Lajil's Armour Boutique.
  6226 | D:6      | Bought a +1 pair of gloves of stealth for 231 gold pieces
  6399 | D:6      | Killed Crazy Yiuf
  6539 | D:7      | Found a shadowy altar of Dithmenos.
  6603 | D:7      | Reached skill level 5 in Fighting
  6621 | D:7      | Found a runed translucent gate.
  6621 | D:7      | Found a runed translucent gate.
  6621 | D:7      | Found a runed translucent gate.
  6623 | D:7      | Noticed Iusername's ghost (novice MiFi)
  6628 | D:7      | Noticed Prince Ribbit
  6642 | D:7      | Killed Prince Ribbit
  6680 | D:7      | Noticed Joseph
  6710 | D:7      | HP: 2/57 [Joseph/+0 quarterstaff (6)]
  6711 | D:7      | Killed Joseph
  6712 | D:7      | Reached XP level 9. HP: 2/63 MP: 9/9
  7163 | D:7      | Found a shimmering blue altar of Sif Muna.
  8473 | D:8      | Noticed Pikel
  8555 | D:8      | Found a transporter.
  8558 | D:8      | Found a bloodstained altar of Trog.
  8558 | D:8      | Noticed bchevrier's ghost (novice GnWn)
  8559 | D:8      | Noticed a moth of wrath
  8593 | D:8      | Found a transporter.
  8639 | D:8      | Reached XP level 10. HP: 71/71 MP: 10/10
  8679 | D:8      | Reached *** piety under Hepliaklqana
  8724 | D:8      | Reached skill level 10 in Dodging
  8907 | D:8      | Killed Pikel
  8938 | D:8      | Found a shimmering altar of Xom.
  9332 | D:9      | Identified the +1 chain mail of Cheibriados's Approval
                  | {rC+++ Stlth-}
  9826 | D:9      | Reached XP level 11. HP: 73/81 MP: 11/11
  9980 | D:9      | Reached skill level 10 in Fighting
 10058 | D:9      | Found Wozemege's Antique Armour Shop.
 10078 | D:9      | Bought a dazzling helmet for 266 gold pieces
 10078 | D:9      | Identified the +0 helmet of the Equinox {rElec Will+ Dex+4}
                  | (You bought it in a shop on level 9 of the Dungeon)
 10109 | D:9      | Noticed Erolcha
 10122 | D:9      | Killed Erolcha
 10438 | D:10     | Entered Level 10 of the Dungeon
 10438 | D:10     | Noticed a two-headed ogre
 10448 | D:10     | Killed a two-headed ogre
 10456 | D:10     | Identified the +3 spear "Plog" {protect, rN+ Int-5 Stlth+}
 10466 | D:10     | Found a runed translucent door.
 10477 | D:10     | Found a basalt altar of Yredelemnul.
 10487 | D:10     | Found Dimus's Armour Shoppe.
 10492 | D:10     | Noticed Lodul
 10508 | D:10     | Killed Lodul
 10595 | D:10     | Reached **** piety under Hepliaklqana
 11040 | D:11     | Found a staircase to the Lair.
 11165 | D:11     | Noticed Grum
 11174 | D:11     | Killed Grum
 11193 | D:11     | Got the Omnibus of the United Spider
 11228 | D:11     | Noticed a boulder beetle
 11240 | D:11     | Noticed a green ugly thing
 11243 | D:11     | Killed a boulder beetle
 11244 | D:11     | Reached XP level 12. HP: 91/91 MP: 12/12
 11269 | D:11     | Reached skill level 15 in Dodging
 11453 | D:11     | Noticed a two-headed ogre
 11461 | D:11     | Killed a two-headed ogre
 11772 | D:11     | Found a portal to a secret trove of treasure.
 11777 | Trove    | Entered a treasure trove
 11779 | Trove    | Found the macabre finger necklace {rN+}
 11785 | Trove    | Identified the ring "Jiharchida" {Ice Dex+4}
 11787 | Trove    | Identified the ring "Pisab" {rPois rC++ EV+4 SInv}
 11789 | Trove    | Identified the ring of Xom's Wantonness {Ice Int+3}
 11796 | Trove    | Identified the amulet of Unajiuwk {RegenMP rF++ rC-}
 11798 | Trove    | Identified the ring of the Komtur {Fire rElec Str+3 Dex-4}
 11924 | D:11     | Found a bloodstained altar of Trog.
 11975 | D:11     | Found Xemock's Antique Armour Shoppe.
 12120 | D:12     | Reached skill level 10 in Stealth
 12164 | D:12     | Noticed a boulder beetle
 12187 | D:12     | HP: 5/102 [boulder beetle (20)]
 12194 | D:12     | Killed a boulder beetle
 12450 | D:12     | Noticed a three-headed hydra
 12483 | D:12     | Killed a three-headed hydra
 12484 | D:12     | Reached skill level 15 in Polearms
 12648 | D:12     | Found a staircase to the Orcish Mines.
 12853 | D:12     | Found a transporter.
 12853 | D:12     | Noticed a boulder beetle
 12854 | D:12     | Found a transporter.
 12856 | D:12     | Noticed Fannar
 12867 | D:12     | Noticed a five-headed hydra
 12899 | D:12     | Killed a ten-headed hydra
 13153 | D:12     | Noticed Psyche
 13159 | D:12     | Killed Psyche
 13285 | Lair:1   | Entered Level 1 of the Lair of Beasts
 13293 | Lair:1   | Noticed a boulder beetle
 13324 | Lair:1   | Killed a boulder beetle
 13325 | Lair:1   | Reached XP level 13. HP: 29/98 MP: 13/13
 14048 | Lair:1   | Identified a scroll of acquirement
 14048 | Lair:1   | Acquired a +0 vampiric bardiche
 14458 | Lair:2   | Found a hole to the Spider Nest.
 15502 | Lair:3   | Found a staircase to the Shoals.
 16450 | Lair:4   | Identified the +0 falchion of the Sky {freeze, Str+2}
 16608 | Lair:4   | Found a viscous altar of Jiyva.
 16608 | Lair:4   | Found a staircase to the Slime Pits.
 16638 | Lair:4   | Reached XP level 14. HP: 83/106 MP: 14/14
 17139 | Lair:5   | Entered Level 5 of the Lair of Beasts
 17867 | Lair:5   | Found a runed translucent door.
 18503 | D:7      | Killed Iusername's ghost
 18656 | Orc:1    | Entered Level 1 of the Orcish Mines
 18669 | Orc:1    | Found Voik's Antique Weapon Boutique.
 18780 | Orc:2    | Entered Level 2 of the Orcish Mines
 18782 | Orc:2    | Found Wuimoyfe's Armour Shop.
 18802 | Orc:2    | Found a gate leading to a gauntlet.
 18808 | Orc:2    | Found Deheifrou's Antique Weapon Boutique.
 18811 | Gauntlet | Entered a Gauntlet
 18811 | Gauntlet | Found a transporter.
 18811 | Gauntlet | Found a transporter.
 18813 | Gauntlet | Found a runed translucent door.
 18816 | Gauntlet | Found a transporter.
 18817 | Gauntlet | Found a transporter.
 18819 | Gauntlet | Found a transporter.
 18836 | Gauntlet | Found a transporter.
 18838 | Gauntlet | Found a transporter.
 18889 | Gauntlet | Found the +6 Majin-Bo {vamp, MP+6 Int+6}
 18893 | Gauntlet | Found a transporter.
 18893 | Gauntlet | Found a transporter.
 18895 | Gauntlet | Found a transporter.
 18966 | Gauntlet | Found a transporter.
 19046 | Gauntlet | Identified the +2 ring mail of Eternal Night {Int+5}
 19087 | Gauntlet | Found a runed translucent door.
 19113 | Gauntlet | Found a runed translucent door.
 19156 | Gauntlet | Found a transporter.
 19169 | Gauntlet | Identified the amulet "Pen Ysm" {Reflect rN+ Will+ SH+5}
 19179 | Gauntlet | Found a transporter.
 19201 | Gauntlet | Reached XP level 15. HP: 110/110 MP: 15/15
 19209 | Orc:2    | Noticed Urug
 19210 | Orc:2    | Found Nibumn's Armour Boutique.
 19216 | Orc:2    | Killed Urug
 19254 | Orc:2    | Noticed Snorg
 19269 | Orc:2    | Killed Snorg
 19338 | Orc:2    | Found a staircase to the Elven Halls.
 19414 | Orc:2    | Found Yleugyt's Book Boutique.
 19575 | Orc:2    | Found Vefetrop's Magic Scroll Emporium.
 19582 | Orc:2    | Bought a scroll of enchant armour for 120 gold pieces
 19582 | Orc:2    | Bought a scroll of teleportation for 48 gold pieces
 19582 | Orc:2    | Bought a scroll of teleportation for 48 gold pieces
 19648 | Orc:2    | Found Qeih's Antique Armour Shoppe.
 19649 | Orc:2    | Found Feleuti's Jewellery Boutique.
 19649 | Orc:2    | Found Ebew Kat's Assorted Antiques.
 19652 | Orc:2    | Found Huk Cor's Antique Weapon Shop.
 19657 | Orc:2    | Bought a scroll of teleportation for 93 gold pieces
 19657 | Orc:2    | Bought a scroll of enchant armour for 232 gold pieces
 19874 | Orc:1    | Noticed Harold
 19880 | Orc:1    | Killed Harold
 20224 | Spider:1 | Entered Level 1 of the Spider Nest
 20334 | Spider:1 | Noticed a ghost moth
 20341 | Spider:1 | Killed a ghost moth
 20532 | Spider:1 | Noticed an emperor scorpion
 20551 | Spider:1 | Killed an emperor scorpion
 20696 | Spider:1 | Reached ***** piety under Hepliaklqana
 21281 | Spider:1 | Reached skill level 15 in Fighting
 21281 | Spider:1 | Reached XP level 16. HP: 122/122 MP: 16/16
 21513 | Spider:2 | You fall into a shaft and drop 1 floor!
 21692 | Spider:3 | Noticed Bai Suzhen
 21712 | Spider:2 | HP: 4/122 [redback (5)]
 21828 | Spider:2 | Noticed Arachne
 21829 | Spider:2 | Noticed Azrael
 21837 | Spider:2 | Killed Azrael
 21852 | Spider:2 | Killed Arachne
 21928 | Spider:2 | Noticed Donald
 21933 | Spider:2 | Killed Donald
 22497 | Spider:3 | Killed Bai Suzhen
 22844 | Spider:4 | Entered Level 4 of the Spider Nest
 23318 | Spider:4 | Reached XP level 17. HP: 126/132 MP: 17/17
 24006 | Spider:4 | Found the +2 hood of the Assassin {Detection Stab+ Stlth++}
 24026 | Spider:4 | Got a gossamer rune of Zot
 24401 | Elf:1    | Entered Level 1 of the Elven Halls
 24401 | Elf:1    | Noticed Ewetirimn's ghost (adept MiBe)
 24401 | Elf:1    | Found a runed translucent door.
 24418 | Elf:1    | Paralysed by an air elemental for 1 turns
 25146 | Elf:1    | Found Zeaxzad's Antique Weapon Shop.
 25150 | Elf:1    | Found Kotuc's Assorted Antiques.
 25170 | Elf:1    | Bought a pair of embroidered boots for 225 gold pieces
 25682 | Elf:2    | Killed Ewetirimn's ghost
 25866 | Elf:2    | Reached XP level 18. HP: 119/142 MP: 18/18
 25895 | Elf:2    | Found a runed translucent gate.
 25909 | Elf:2    | Found a runed translucent gate.
 25909 | Elf:2    | Found a runed translucent gate.
 26872 | Elf:3    | Entered Level 3 of the Elven Halls
 26963 | Elf:3    | Reached skill level 15 in Stealth
 27189 | Elf:3    | Reached ****** piety under Hepliaklqana
 27334 | Elf:3    | Noticed Louise
 27343 | Elf:3    | Identified the ring of Qeywedef {*Corrode rPois rC+ Str+6
                  | SInv}
 27345 | Elf:3    | Killed Louise
 27405 | Elf:3    | Paralysed by an air elemental for 1 turns
 27446 | Elf:3    | Noticed a deep elf master archer
 27450 | Elf:3    | Noticed a deep elf blademaster
 27451 | Elf:3    | Noticed a deep elf blademaster
 27452 | Elf:3    | HP: 2/142 [deep elf master archer/arrow (34)]
 27452 | Elf:3    | Noticed a deep elf blademaster
 27848 | Elf:3    | Killed a deep elf blademaster
 27891 | Elf:3    | Identified the ring "Sarec" {Wiz rC+ Str+4}
 27891 | Elf:3    | Noticed a deep elf blademaster
 27893 | Elf:3    | Killed a deep elf master archer
 27898 | Elf:3    | Killed a deep elf blademaster
 27943 | Elf:3    | Killed a deep elf blademaster
 27944 | Elf:3    | Reached skill level 1 in Invocations
 27944 | Elf:3    | Reached XP level 19. HP: 148/148 MP: 17/20
 28108 | Elf:3    | Noticed a Tzitzimitl
 28142 | Elf:3    | Identified the +2 broad axe of Ravage {vorpal, *Slow rPois
                  | Int+4 Dex+4}
 28146 | Elf:3    | Got the Meditations on the Salvo
 28244 | Elf:3    | Reached skill level 5 in Invocations
 28586 | Shoals:1 | Entered Level 1 of the Shoals
 29434 | Shoals:2 | Found Hiosor's Antique Weapon Boutique.
 29942 | Shoals:3 | Found Nizaizxi's Assorted Antiques.
 30022 | Shoals:3 | Found Xelo's Assorted Antiques.
 30033 | Shoals:3 | Found Meca's Book Shoppe.
 30333 | Shoals:3 | Found Ruaje's General Store.
 30340 | Shoals:3 | Bought a scroll of teleportation for 42 gold pieces
 30340 | Shoals:3 | Bought 2 potions of heal wounds for 140 gold pieces
 30573 | Shoals:4 | Entered Level 4 of the Shoals
 30636 | Shoals:4 | Reached skill level 10 in Invocations
 30821 | Shoals:4 | Paralysed by an air elemental for 1 turns
 31022 | Shoals:4 | Found the +10 Black Knight's barding {ponderous, rPois rN+}
 31067 | Shoals:4 | Got a barnacled rune of Zot
 31339 | D:12     | Killed Fannar
 31642 | D:13     | Found the +3 pair of gauntlets of War {Slay+5}
 31934 | D:13     | Identified the +4 dagger of Imminent Death {flame, Dex+6}
 32040 | D:14     | Found a gate to the Vaults.
 32118 | D:14     | Found a shadowy altar of Dithmenos.
 32142 | D:14     | Reached XP level 20. HP: 158/158 MP: 28/28
 32347 | D:14     | Got the Incunable of Cursed Ice
 32746 | D:15     | Entered Level 15 of the Dungeon
 32893 | D:15     | Noticed Agnes
 32914 | D:15     | Killed Agnes
 33113 | D:15     | Found a glowing golden altar of the Shining One.
 33353 | D:15     | Found a staircase to the Depths.
 33500 | D:15     | Identified Roxanne's Commentary on Bedrock
 33500 | D:15     | Noticed Roxanne
 33511 | D:15     | Killed Roxanne
 33864 | Vaults:1 | Entered Level 1 of the Vaults
 35373 | Vaults:2 | Acquired a +2 cloak of willpower
 35406 | Vaults:2 | Reached XP level 21. HP: 127/172 MP: 29/29
 35845 | Vaults:2 | Noticed Margery
 35862 | Vaults:2 | Killed Margery
 36533 | Vaults:3 | Found a staircase to the Crypt.
 36749 | Vaults:3 | Found Usei's Antique Armour Emporium.
 36803 | Vaults:3 | Bought a pair of glimmering boots for 370 gold pieces
 36803 | Vaults:3 | Identified the +3 pair of boots of Circular Logic {Dex+2}
                  | (You bought it in a shop on level 3 of the Vaults)
 36803 | Vaults:3 | Bought a pair of steaming gloves for 370 gold pieces
 36803 | Vaults:3 | Identified the +2 pair of gloves of the Arcane {Rampage
                  | Str+3} (You bought it in a shop on level 3 of the Vaults)
 36803 | Vaults:3 | Bought a pair of polished boots for 370 gold pieces
 36803 | Vaults:3 | Identified the +0 pair of boots "Lyhoef" {Harm rC+ Will+
                  | Regen+} (You bought it in a shop on level 3 of the Vaults)
 37564 | Crypt:1  | Entered Level 1 of the Crypt
 37606 | Vaults:4 | Noticed Boris
 37609 | Vaults:4 | Killed Boris
 37684 | Vaults:4 | Noticed Xtahua
 37688 | Vaults:4 | Killed Xtahua
 37689 | Vaults:4 | Reached XP level 22. HP: 187/187 MP: 30/30
 37854 | Vaults:4 | Noticed Mennas
 37881 | Vaults:4 | Killed Mennas
 38279 | Vaults:4 | Noticed Frederick
 38291 | Vaults:4 | Killed Frederick
 38551 | Vaults:4 | Reached skill level 27 in Fighting
 38809 | Vaults:5 | Entered Level 5 of the Vaults
 39099 | Vaults:5 | Identified the +5 rapier of World Downfall {freeze, Dex+3}
 39119 | Vaults:5 | Noticed a dread lich
 39136 | Vaults:5 | Killed a dread lich
 39215 | Vaults:5 | Identified the +8 glaive "Transmigrator" {drain, rPois rC+
                  | Str+3 Int+2}
 39217 | Vaults:5 | Identified the +6 morningstar of Hedgh {speed, rElec rC+
                  | Stlth+}
 39232 | Vaults:5 | Got the Verses on Iniquitous Arts
 39366 | Vaults:5 | Reached XP level 23. HP: 188/197 MP: 31/31
 39712 | Vaults:5 | Identified the +9 quarterstaff "Saonisma" {flame, rCorr}
 39747 | Vaults:5 | Reached skill level 27 in Dodging
 39761 | Vaults:5 | Reached skill level 1 in Armour
 39910 | Vaults:5 | Got a silver rune of Zot
 40553 | Vaults:5 | Reached skill level 5 in Armour
 40971 | Vaults:5 | Identified the +1 robe "Atetin" {rN+ Dex+3}
 41168 | Depths:1 | Entered Level 1 of the Depths
 41205 | Depths:1 | Found a corrupted altar of Lugonu.
 41212 | Depths:1 | Found a one-way gate to the infinite horrors of the Abyss.
 41686 | Depths:1 | Found a one-way gate leading to the halls of Pandemonium.
 41867 | Depths:1 | Found a gateway to Hell.
 42173 | Depths:2 | Reached XP level 24. HP: 201/204 MP: 31/31
 42184 | Depths:2 | Found a broken altar of Ashenzari.
 42265 | Depths:2 | Found Gozag's Assorted Antiques.
 42270 | Depths:2 | Found an opulent altar of Gozag.
 42272 | Depths:2 | Noticed Nikola
 42275 | Depths:2 | Found Gozag's Assorted Antiques.
 42278 | Depths:2 | Found Gozag's Antique Armour Emporium.
 42322 | Depths:2 | Found a one-way gateway to a ziggurat.
 42534 | Depths:2 | Killed Nikola
 43176 | Depths:3 | Identified the +5 battleaxe "Diogot" {vamp, Fragile rF++
                  | rN+ Int+3}
 43304 | Depths:3 | Found a hide-covered altar of Uskayaw.
 43579 | Depths:3 | Identified the +2 robe of the Ecumenical Temple {Harm *Slow
                  | rPois Str+3}
 43697 | Depths:3 | Noticed a caustic shrike
 43697 | Depths:3 | Noticed a juggernaut
 43708 | Depths:3 | Killed a caustic shrike
 43714 | Depths:3 | Killed a juggernaut
 43848 | Depths:3 | Noticed a caustic shrike
 43849 | Depths:3 | Found the ring of the Tortoise {AC+8}
 43850 | Depths:3 | Killed a caustic shrike
 44117 | Depths:4 | Entered Level 4 of the Depths
 44625 | Depths:4 | Reached skill level 10 in Armour
 45055 | Depths:4 | Found a gate to the Realm of Zot.
 45442 | Zot:1    | Entered Level 1 of the Realm of Zot
 45455 | Zot:1    | Noticed a curse toe
 45483 | Zot:1    | Killed a curse toe
 45503 | Zot:1    | Reached XP level 25. HP: 72/210 MP: 31/31
 45512 | Zot:1    | HP: 8/210 [black draconian knight/+1 vorpal war axe[a black
                  | draconian knight] (5)]
 45512 | Zot:1    | Constricted to death by a tentacled monstrosity

Illustrated notes

Levels and vault maps discovered:
D:1:      scummos_arrival_simple_crosswalls, layout_loops_ring,
          ebering_ecumenical_altar_box, minmay_misc_feat_square
D:2:      layout_loops_ring, minmay_statues_item, minmay_diced_spiral
D:3:      minmay_razor_zed, layout_basic,
          chequers_temple_overflow_statue_of_worship,
          minmay_overflow_temple_star_quad, minmay_stone_trees_medium,
          hangedman_decor_diamond_cutter, uniq_jessica
D:4:      layout_gridville, zin_scriptorium, temple_fountains, serial_shops,
          nicolae_shop_bloodbath_and_beyond, small_statue_intersection
D:5:      layout_loops_corners
D:6:      minmay_spotlight, layout_gridville, serial_shops, shop,
          uniq_crazy_yiuf_cottage
D:7:      layout_loops_ring, mainiacjoe_overflow_concentric_impassable,
          amcnicky_altar_gilded, gammafunk_ghost_nasty_kobolds,
          uniq_prince_ribbit1, uniq_joseph
D:8:      minmay_s_stair_smasher, layout_basic,
          mainiacjoe_overflow_surrounded_room,
          gammafunk_ghost_wrathful_warriors, uniq_pikel
D:9:      layout_long_grid, serial_shops, shop_coins, uniq_erolcha
D:10:     layout_rooms, dk_yredelemnul_ordeal, serial_shops, shop, uniq_lodul
D:11:     layout_cave_pools, minmay_lair_entry_grove, serial_shops,
          nicolae_lakefront_shop, enter_trove_6, trog_three_pillars_becter,
          uniq_grum
D:12:     gammafunk_boulding_lane, layout_basic, david_orc_2, hangedman_ranch,
          uniq_psyche, uniq_fannar
D:13:     layout_gridville, eino_small_chamber_without_monster
D:14:     layout_gridville, david_vaults_1, grunt_dithmenos_smoke_and_mirrors,
          small_statue_alley_a, minmay_fractal_squares_diagonal_5
D:15:     gammafunk_depths_entry_grave, layout_loops_ring, tso_altar,
          patterned_corridor, uniq_agnes, uniq_roxanne
Lair:1:   hellmonk_ruined_rings, layout_hall_layers, serial_bayou_shore_a
Lair:2:   layout_small_grid, spider_nest_entry_web_field, lemuel_fruit_fields
Lair:3:   nzn_winding_woodlands_small [nzn_winding_woodlands_5x15_split_checker,
          nzn_winding_woodlands_center_garden,
          nzn_winding_woodlands_5x15_river_crossing], layout_chaotic_city,
          elwin_shoals_entry_stream
Lair:4:   layout_loops_ring, nicolae_slime_entry_slimehenge, hibernation_bobbens
Lair:5:   hangedman_lair_in_review, layout_hall_layers, wormcave
Shoals:1: layout_shoals, nicolae_shoals_so_close
Shoals:2: layout_shoals, serial_shops, nicolae_shop_statue_plus
Shoals:3: layout_shoals, serial_shops, nicolae_shop_hallway_plus,
          nicolae_lakefront_shop, nicolae_take_the_stairs, nicolae_shop_trees
Shoals:4: shoals_end_hellmonk_storm_palace [storm_palace_center_circular,
          storm_palace_corner_blocked, storm_palace_corner_pillars,
          storm_palace_corner_grid, storm_palace_corner_narrow], serial_shops
Spider:1: mumra_spider_spiderweb, nicolae_spider_undead_wolf_pack
Spider:2: lemuel_spider_zombies, nicolae_spider_shape, uniq_donald, uniq_azrael,
          uniq_arachne
Spider:3: layout_spider_delve, hellmonk_narrow_tunnel, uniq_bai_suzhen
Spider:4: grunt_spider_rune_circles, nicolae_spider_checkerboard
Orc:1:    layout_caves, serial_shops, nicolae_square_shop, uniq_harold
Orc:2:    st_orc_rangers, layout_caves, gauntlet_entry_generic, serial_shops,
          nicolae_shop_behind_doors, nicolae_shop_trees, shop,
          nicolae_square_shop, shop, basic_altar, bh_open_orc_temple, uniq_urug,
          uniq_snorg
Elf:1:    layout_loops_cross, hellmonk_ghost_happy_afterlife,
          hangedman_elf_represent, ebering_dispersal_statue_hall,
          nicolae_wooded_promenade
Elf:2:    elven_hall_of_blades_hangedman_original
          [nicolae_blade_entry_area_security], layout_geoelf_diagonals
Elf:3:    minmay_elf_hall_statues, layout_geoelf_grid, guppyfry_elf_castle,
          uniq_louise
Vaults:1: vaults_room_hallway, v_alt_pattern_6, v_rooms_1, v_alt_pattern_6,
          ontoclasm_vaults_bender, v_pattern_5, vaults_room_pools, v_misc_23,
          nicolae_vaults_asterisk, ontoclasm_vaults_twist,
          vaults_room_stairs_pillars, hangedman_vaults_cutoff,
          hangedman_vaults_variations, nicolae_vaults_back_hallway,
          grunt_vaults_diagonal, layout_vaults_maze_bifur
Vaults:2: v_misc_11, v_misc_10, nicolae_vaults_ninety_degrees, v_misc_27,
          nicolae_vaults_little_ls, v_misc_14, v_misc_31, ontoclasm_vaults_eye,
          layout_vaults_omnigrid, uniq_margery
Vaults:3: nicolae_vaults_display_case, v_alt_pattern_2, v_misc_13, v_rooms_6,
          nicolae_vaults_little_squares_2, v_misc_33,
          minmay_crypt_entry_simple_corners, v_misc_4, v_misc_9,
          v_alt_pattern_6, nicolae_vaults_shelves_hall,
          vaults_dpeg_emergency_exit, grunt_vaults_hallway_long,
          ontoclasm_vaults_decontamination, nicolae_vaults_asterisk,
          layout_vaults_omnibox, serial_shops, nicolae_shop_stone
Vaults:4: nicolae_vaults_network_barrier, grunt_vaults_funnel,
          ontoclasm_vaults_tryst, v_misc_29, vaults_standard_mumra_lines,
          grunt_vaults_trifunnel, grunt_vaults_twisty,
          ontoclasm_vaults_loading_screen, hangedman_vaults_corner_blocks,
          layout_vaults_big_room, uniq_boris, uniq_xtahua, uniq_mennas,
          uniq_frederick
Vaults:5
Crypt:1:  gammafunk_its_a_trap, layout_chaotic_city, grunt_ministairs_13
Depths:1: layout_cave_shapes, abyss_entry_flame_altar, pan_entry,
          nicolae_BIG_FREAKIN_CUBE, pf_hell_entry_great_geh,
          hangedman_abyss_or_decor_stagger, grunt_decor_one_mirror,
          lemuel_old_faithful
Depths:2: kennysheep_gozag_temple, layout_gridlike, enter_ziggurat_e,
          abyss_entry, grunt_metal_band, pan_entry, minmay_misc_feat_hallway,
          nicolae_ashenzari_skybound, uniq_nikola
Depths:3: minmay_tri_box, layout_gridlike, serial_corexii_hall,
          corexii_hall_statues_i, chequers_hall_statues_corner_a,
          chequers_hall_statues_corner_a, minmay_room_of_horrors,
          nicolae_uskayaw_en_pointe, hell_entry,
          hangedman_decor_clover_reticule, chequers_serial_rivers_room_b
Depths:4: evilmike_zot_entry_hall, layout_cave_shapes, pan_entry, pf_coc_iceberg
Zot:1:    layout_gridlike, st_single_dragon_hoard_2, nicolae_lava_and_water,
          uniq_tiamat

Skill      XL: |  1  2  3  4  5  6  7  8  9 10 11 12 13 14 15 16 17 18 19 20 21 22 23 24 |
---------------+-------------------------------------------------------------------------+-----
Polearms       | 3 4 5 6 9 10 11 13 14 16 19 23 24 | 24.2
Dodging        | 3 4 5 8 9 12 14 15 18 20 22 23 25 27 | 27.0
Fighting       | 6 7 9 12 13 15 17 18 19 23 26 27 | 27.0
Stealth        | 10 12 16 17 19 | 19.5
Invocations    | 1 11 | 11.0
Armour         | 7 11 | 11.3

Action                   |  1- 3 |  4- 6 |  7- 9 | 10-12 | 13-15 | 16-18 | 19-21 | 22-24 | 25-27 || total
-------------------------+-------+-------+-------+-------+-------+-------+-------+-------+-------++-------
Melee: Spear             |   127 |   224 |   122 |   134 |       |       |       |       |       ||   607
       Punch             |     2 |     2 |     2 |     2 |     3 |       |       |       |       ||    11
       Trident           |       |       |   148 |   406 |    74 |       |       |       |       ||   628
       Halberd           |       |       |       |    61 |    36 |       |       |       |       ||    97
       Tailslap          |       |       |       |     1 |     1 |     7 |     3 |     5 |       ||    17
       Bardiche          |       |       |       |       |   825 |   938 |  1141 |  1240 |     8 ||  4152
Invok: Recall Ancestor   |       |     1 |     2 |     3 |     3 |     4 |     8 |     7 |       ||    28
       Ancestor Life: Kn |       |       |     1 |       |       |       |       |       |       ||     1
       Idealise          |       |       |       |       |       |       |       |     1 |       ||     1
Evoke: Wand              |       |       |       |       |       |     2 |       |       |       ||     2
  Use: Scroll            |     8 |       |     1 |     6 |    22 |     7 |     4 |    12 |       ||    60
       Potion            |       |       |     3 |     5 |     1 |     6 |     1 |     4 |     2 ||    22
 Stab: Sleeping          |    12 |    19 |     7 |    20 |    26 |    49 |    94 |    39 |       ||   266
       Distracted        |     1 |     1 |     3 |     6 |    17 |    14 |    21 |    31 |       ||    94
Armor: Leather armour    |    30 |    64 |    32 |     5 |       |       |       |       |       ||   131
       Troll leather arm |       |       |       |    55 |   141 |   111 |   105 |    10 |       ||   422
       Shadow dragon sca |       |       |       |       |       |       |       |   234 |    18 ||   252
Dodge: Dodged            |    50 |   149 |    82 |   317 |   940 |   662 |   897 |   708 |    17 ||  3822
Block: Other             |       |       |       |       |    90 |   124 |   172 |   140 |     3 ||   529
       Reflection        |       |       |       |       |    18 |     4 |    17 |     6 |       ||    45
